 Dungeon Crawl Stone Soup version 0.27-a0-1242-ge70438ac7b (webtiles) character file.

Game seed: 4921699717306298149

14315 Bnni the Zephyrmancer (level 12, -15/75 HPs)
             Began as a Tengu Air Elementalist on June 9, 2021.
             Was a Priest of Sif Muna.
             Demolished by a boulder beetle (27 damage)
             ... on level 11 of the Dungeon.
             The game lasted 00:48:51 (17924 turns).

Bnni the Zephyrmancer (Tengu Air Elementalist)     Turns: 17924, Time: 00:48:52

Health: -15/75     AC:  9    Str:  8    XL:     12   Next: 15%
Magic:  0/23       EV: 15    Int: 21    God:    Sif Muna [***...]
Gold:   216        SH:  7    Dex: 22    Spells: 11/24 levels left

rFire    + . .     SeeInvis .   M - +8 spear of Intimidation {vorpal, Dex+7}
rCold    + + .     Faith    +   b - +1 buckler {rC+ rF+}
rNeg     + . .     Spirit   .   E - +1 robe {rC+}
rPois    .         Reflect  .   A - +2 hat
rElec    .         Harm     .   B - +1 cloak {Will+}
rCorr    .         Rampage  .   g - +1 pair of gloves
Will     +....                  (boots unavailable)
Stlth    ++........             I - amulet of faith
HPRegen  0.22/turn              F - ring of positive energy
MPRegen  0.18/turn              (no ring)

@: flying quickly and evasively, quick
A: beak, talons 3, nimble flight
a: Renounce Religion, Channel Magic, Forget Spell


You were on level 11 of the Dungeon.
You worshipped Sif Muna.
Sif Muna was most pleased with you.
You visited 2 branches of the dungeon, and saw 12 of its levels.

You collected 776 gold pieces.
You spent 560 gold pieces at shops.

Inventory:

Hand Weapons
 p - a +5 trident of freezing
 M - the +8 spear of Intimidation (weapon) {vorpal, Dex+7}
   (You found it on level 11 of the Dungeon)

   It inflicts extra damage upon your enemies.
   It affects your dexterity (+7).
Missiles
 l - 3 atropa-tipped darts
 t - 2 curare-tipped darts
 D - 15 poisoned darts
 L - 2 boomerangs of dispersal
Armour
 b - a +1 buckler of resistance (worn)
 g - a +1 pair of gloves (worn)
 A - a +2 hat (worn)
 B - a +1 cloak of willpower (worn)
 E - a +1 robe of cold resistance (worn)
Jewellery
 F - a ring of positive energy (left hand)
 I - an amulet of faith (around neck)
Wands
 a - a wand of iceblast (9)
 C - a wand of charming (17)
Scrolls
 d - 2 scrolls of enchant weapon
 e - 3 scrolls of blinking
 i - a scroll of fear
 m - 3 scrolls of teleportation
 o - a scroll of fog
 s - 2 scrolls of amnesia
 H - 5 scrolls of enchant armour
 J - a scroll of summoning {unknown}
 K - a scroll of silence {unknown}
Potions
 h - 3 potions of curing
 j - 2 potions of might
 k - a potion of flight {unknown}
 n - a potion of heal wounds {unknown}
 q - a potion of invisibility
 r - a potion of berserk rage {unknown}
 v - 2 potions of mutation {unknown}
 x - 3 potions of haste
 z - a potion of brilliance
 G - 2 potions of lignification


   Skills:
 + Level 8.9 Fighting
 - Level 2.1 Dodging
 - Level 2.0 Stealth
 - Level 4.0 Shields
 + Level 6.8 Spellcasting
 * Level 12.8 Conjurations
 * Level 13.2 Air Magic
 + Level 4.4 Invocations


You had 11 spell levels left.
You knew the following spells:

 Your Spells              Type           Power      Damage    Failure   Level
a - Shock                 Conj/Air       100%       1d9       1%          1
c - Swiftness             Air            58%        N/A       1%          3
d - Airstrike             Air            29%        N/A       1%          4
e - Lightning Bolt        Conj/Air       29%        1d45      1%          5

Your spell library contained the following spells:

 Spells                   Type           Power      Damage    Failure   Level
 Static Discharge         Conj/Air       58%        N/A       1%          2


Dungeon Overview and Level Annotations

Branches:
Dungeon (12/15)            Temple (0/1) D:7            Lair (1/6) D:10
    Orc (0/2) D:9

Altars:
Ashenzari
Cheibriados
Gozag
Nemelex Xobeh
Okawaru
Ru
Sif Muna
Wu Jian

Shops:
D:9 =   D:10 =   D:11 (


Innate Abilities, Weirdness & Mutations

You have a beak for a mouth.
You have claws for feet.
Your magical nature lets you fly swiftly and evasively.


Message History

The boulder beetle is severely wounded.
The boulder beetle leaps!
You reach to attack!
You hit the boulder beetle but do no damage.
The boulder beetle is severely wounded.
You hit the boulder beetle but do no damage.
The boulder beetle is severely wounded.
The boulder beetle barely misses you.
You hit the boulder beetle but do no damage.
You claw the boulder beetle, but do no damage.
You peck the boulder beetle, but do no damage.
The boulder beetle is severely wounded.
The boulder beetle misses you.
You hit the boulder beetle but do no damage.
You claw the boulder beetle, but do no damage.
The boulder beetle is severely wounded.
The boulder beetle bites you!
You hit the boulder beetle but do no damage.
Your kick misses the boulder beetle.
The boulder beetle is severely wounded.
The boulder beetle bites you!
You hit the boulder beetle but do no damage.
You claw the boulder beetle, but do no damage.
You peck the boulder beetle, but do no damage.
The boulder beetle is severely wounded.
The boulder beetle bites you but does no damage.
The boulder beetle bites you!
* * * LOW HITPOINT WARNING * * *
You feel better. The boulder beetle bites you!
* * * LOW HITPOINT WARNING * * *
Casting: Lightning Bolt (dangerous; 1% risk of failure)
Confirm with . or Enter, or press ? or * to list all spells.
Aiming: Lightning Bolt (dangerous; 1% risk of failure)
Press: ? - help, Shift-Dir - straight line, f/p - boulder beetle
Aim: a boulder beetle (severely wounded, 100% to hit)
You hear a mighty clap of thunder!
The bolt of lightning hits the boulder beetle but does no damage.
The boulder beetle is severely wounded.
The boulder beetle bites you!!
You die...

.# #.###.###.#.##.#
#.# .#
#...<....)...#.####.#
.#
#####.###...........#
.# #.# #..###.######
.# #.# #..# #.# .#
#.# #..# #.# .# #.#
#..# #.# .##
#.###..###.# ..#
#.....B@...# ..#
#########..#####
..####..........#
................#
..####.##########
#......# ########


You could see a boulder beetle.

Vanquished Creatures
  Harold (D:7)
  A centaur warrior (D:10)
  A cyclops (D:11)
  4 ugly things
  A manticore (D:11)
  2 gargoyles
  An unseen horror (D:10)
  A komodo dragon (D:11)
  A troll (D:8)
  4 slime creatures
  2 hornets
  3 shadows
  2 spriggans
  2 wyverns
  12 yaks
  2 basilisks
  A human (D:10)
  6 vampire mosquitoes
  2 water moccasins (D:10)
  6 orc warriors
  A sky beast (D:6)
  2 black bears (D:10)
  An ice beast (D:5)
  A necrophage (D:5)
  An ogre (D:5)
  4 centaurs
  2 phantoms
  3 kobold brigands
  Blork the orc (D:6)
  4 bullfrogs
  A wyvern zombie (D:7)
  A scorpion (D:10)
  A gnoll sergeant (D:8)
  A water moccasin skeleton (D:6)
  A killer bee (D:8)
  4 wights (D:9)
  A howler monkey (D:8)
  An electric eel (D:11)
  A bullfrog zombie (D:5)
  4 centaur zombies
  A jelly (D:7)
  11 orc priests
  Crazy Yiuf (D:7)
  A bullfrog skeleton (D:6)
  7 hounds
  A centaur skeleton (D:5)
  6 iguanas
  9 orc wizards
  A killer bee zombie (D:6)
  A hound zombie (D:3)
  A howler monkey zombie (D:6)
  A howler monkey skeleton (D:7)
  6 adders
  A white imp (D:6)
  5 worms
  2 dart slugs
  26 orcs
  4 ball pythons
  2 endoplasms
  2 giant cockroaches
  5 goblins
  3 hobgoblins (D:2)
  2 jackals (D:2)
  A quokka (D:3)
  A bat (D:2)
  A frilled lizard (D:2)
  A jackal zombie (D:3)
  23 kobolds
  7 rats
224 creatures vanquished.

Vanquished Creatures (others)
  An orc wizard (D:8)
  35 fungi (D:10)
  48 plants (D:10)
84 creatures vanquished.

Grand Total: 308 creatures vanquished

Notes
Turn   | Place    | Note
-------+----------+-------------------------------------------
     0 | D:1      | Bnni the Tengu Air Elementalist began the quest for the
                  | Orb.
     0 | D:1      | Reached XP level 1. HP: 10/10 MP: 4/4
   573 | D:1      | Reached XP level 2. HP: 15/15 MP: 1/6
  1200 | D:1      | Learned a level 2 spell: Static Discharge
  1564 | D:2      | Reached XP level 3. HP: 2/20 MP: 2/7
  1860 | D:1      | Learned a level 3 spell: Swiftness
  2030 | D:2      | Reached skill level 1 in Fighting
  2912 | D:3      | Reached skill level 5 in Air Magic
  2912 | D:3      | Reached XP level 4. HP: 21/25 MP: 8/8
  3281 | D:3      | Gained mutation: Your magical nature lets you fly swiftly
                  | and evasively. [Tengu growth]
  3281 | D:3      | Reached XP level 5. HP: 22/29 MP: 9/9
  3516 | D:3      | You are sucked into a shaft and drop 2 floors!
  3516 | D:5      | Entered Level 5 of the Dungeon
  3561 | D:5      | Noticed a centaur
  3569 | D:5      | Killed a centaur
  3577 | D:5      | Reached skill level 6 in Air Magic
  3577 | D:5      | Reached XP level 6. HP: 20/35 MP: 9/11
  3585 | D:5      | Learned a level 4 spell: Airstrike
  3771 | D:5      | Found an opulent altar of Gozag.
  4321 | D:5      | Found a shimmering blue altar of Sif Muna.
  4324 | D:5      | Became a worshipper of Sif Muna the Loreminder
  4423 | D:5      | Reached skill level 5 in Conjurations
  4528 | D:5      | Reached XP level 7. HP: 39/40 MP: 12/12
  4557 | D:5      | Reached skill level 7 in Air Magic
  5201 | D:6      | Reached XP level 8. HP: 27/46 MP: 8/14
  5377 | D:6      | Found a snail-covered altar of Cheibriados.
  5544 | D:6      | Reached skill level 8 in Air Magic
  5907 | D:6      | Learned a level 5 spell: Lightning Bolt
  5995 | D:6      | Reached * piety under Sif Muna
  6705 | D:6      | Noticed Blork the orc
  6707 | D:6      | Killed Blork the orc
  6708 | D:6      | Reached skill level 9 in Air Magic
  6840 | D:6      | Identified a scroll of acquirement
  6840 | D:6      | Acquired a +1 buckler of resistance
  7130 | D:7      | Reached skill level 1 in Shields
  7248 | D:7      | Noticed a hornet
  7251 | D:7      | Killed a hornet
  7252 | D:7      | Reached XP level 9. HP: 52/52 MP: 3/16
  7349 | D:7      | Found a sparkling altar of Nemelex Xobeh.
  7481 | D:7      | Noticed Harold
  7656 | D:7      | Killed Harold
  7985 | D:7      | Found a staircase to the Ecumenical Temple.
  8351 | D:7      | Found a runed translucent door.
  8352 | D:7      | Noticed Crazy Yiuf
  8368 | D:7      | Killed Crazy Yiuf
  8846 | D:8      | Noticed a troll
  8850 | D:8      | Killed a troll
  9090 | D:8      | Reached XP level 10. HP: 63/63 MP: 9/18
  9247 | D:8      | Reached skill level 10 in Air Magic
  9858 | D:9      | Reached skill level 5 in Spellcasting
 10326 | D:9      | Reached skill level 1 in Invocations
 10522 | D:9      | Reached ** piety under Sif Muna
 10617 | D:9      | Found a staircase to the Orcish Mines.
 10829 | D:8      | Reached skill level 10 in Conjurations
 11357 | D:8      | Reached skill level 11 in Air Magic
 11582 | D:9      | Found Vuanez's Jewellery Boutique.
 11673 | D:10     | Entered Level 10 of the Dungeon
 11827 | D:10     | Found a sacrificial altar of Ru.
 11883 | D:10     | Noticed a centaur warrior
 11896 | D:10     | Killed a centaur warrior
 12237 | D:10     | Found a broken altar of Ashenzari.
 12286 | D:9      | Reached XP level 11. HP: 44/68 MP: 0/20
 12482 | D:10     | Found Morchiwux's Jewellery Shop.
 12491 | D:10     | Bought an amulet of faith for 560 gold pieces
 12724 | D:10     | Found an ornate altar of the Wu Jian Council.
 12980 | D:10     | Reached *** piety under Sif Muna
 13222 | D:10     | Found a staircase to the Lair.
 13404 | D:10     | Identified the +0 leather armour of Servitude {Str+4 Dex+6}
 13430 | D:10     | Reached skill level 12 in Air Magic
 14227 | D:10     | Found an iron altar of Okawaru.
 14320 | D:11     | Noticed a manticore
 14322 | D:11     | Killed a manticore
 14338 | D:11     | Noticed a brown ugly thing
 14340 | D:11     | Killed a brown ugly thing
 14529 | D:11     | Noticed a cyclops
 14631 | Lair:1   | Entered Level 1 of the Lair of Beasts
 14708 | D:11     | Killed a cyclops
 15016 | D:11     | Noticed a white ugly thing
 15028 | D:11     | Killed a white ugly thing
 15678 | D:11     | Found Ugoppena's Weapon Shoppe.
 16349 | D:11     | Identified the +8 spear of Intimidation {vorpal, Dex+7}
 16407 | D:12     | Noticed a brown ugly thing
 16536 | D:12     | Noticed a boulder beetle
 16778 | D:12     | Killed a brown ugly thing
 16779 | D:12     | Reached skill level 13 in Air Magic
 16902 | D:11     | Reached XP level 12. HP: 61/75 MP: 5/23
 17924 | D:11     | Demolished by a boulder beetle

Illustrated notes

Levels and vault maps discovered:
D:1:      psy_arrival_radial02, layout_basic
D:2:      layout_loops_ring, grunt_ministairs_4, minmay_tiny_reverse_x
D:3:      layout_basic, zin_angel, minmay_divided_ellipse
D:5:      layout_loops_ring, grunt_gozag_breadcrumbs, lemuel_blue_sif_altar,
          chequers_hall_statues_wall_a
D:6:      layout_basic, kennysheep_slug_shrine, minmay_between,
          uniq_blork_the_orc
D:7:      layout_rooms, amcnicky_altar_gilded, minmay_temple_entry_junction,
          the_hattery, uniq_harold, uniq_crazy_yiuf_cottage
D:8:      layout_rooms, minmay_fractal_squares_diagonal_5
D:9:      layout_loops_ring, david_orc_3, serial_shops, shop
D:10:     layout_layer_cave, nicolae_overflow_hidden_temple,
          lemuel_coloured_pillars_altar, cheibrodos_ashenzari_chains,
          due_lair_maze_entry_diamond, serial_shops, shop, hangedman_stone_soup
D:11:     layout_loops_ring, serial_shops, shop, nicolae_water_bricks
D:12:     layout_irregular_city, gauntlet_entry_generic
Lair:1:   layout_hall_layers

Skill      XL: |  1  2  3  4  5  6  7  8  9 10 11 |
---------------+----------------------------------+-----
Conjurations   | 2 3 4 5 6 8 9 10 12 | 12.8
Fighting       | 1 2 3 4 7 8 |  8.9
Air Magic      | 5 6 7 9 11 13 | 13.2
Spellcasting   | 3 4 5 6 |  6.8
Shields        | 2 4 |  4.0
Invocations    | 2 4 |  4.4
Dodging        | |  2.1
Stealth        | |  2.0

Action                   |  1- 3 |  4- 6 |  7- 9 | 10-12 || total
-------------------------+-------+-------+-------+-------++-------
Melee: Unarmed           |     4 |       |       |       ||     4
       Dagger            |    37 |    79 |    79 |    44 ||   239
       Peck              |     6 |     9 |    15 |    14 ||    44
       Kick              |     3 |    28 |    19 |    26 ||    76
       Spear             |       |       |       |    30 ||    30
Throw: Throwing net      |       |       |       |     1 ||     1
 Cast: Shock             |    47 |    15 |    39 |   133 ||   234
       Swiftness         |       |     1 |     3 |     2 ||     6
       Airstrike         |       |       |    57 |   120 ||   177
       Lightning Bolt    |       |       |     1 |    40 ||    41
  Use: Scroll            |     3 |       |    11 |     7 ||    21
       Potion            |       |       |     2 |     2 ||     4
 Stab: Sleeping          |     4 |     1 |       |       ||     5
       Invisible         |       |       |     3 |       ||     3
Armor: Robe              |     3 |    23 |    11 |    41 ||    78
Dodge: Dodged            |    22 |    84 |    68 |    97 ||   271
Block: Buckler           |       |       |     9 |    38 ||    47

Table legend: (Time is in decaauts)
 A = Elapsed time spent in this place.
 B = Non-inter-level travel time spent in this place.
 C = Inter-level travel time spent in this place.
 D = Time resting spent in this place.
 E = Time spent auto-exploring this place.
 F = Levels seen in this place.
 G = Mean time per level.
                   A        B        C        D        E       F      G
               +--------+--------+--------+--------+--------+-----+--------+
         Total |  17388 |  16922 |    466 |   7101 |   7644 |  12 | 1449.0 |
       Dungeon |  17386 |  16920 |    466 |   7101 |   7644 |  11 | 1580.5 |
          Lair |      1 |      1 |      0 |      0 |      0 |   1 |    1.0 |
               +--------+--------+--------+--------+--------+-----+--------+

Top non-repeatable levels by time:
    D:10: 2767 daAuts
     D:6: 2309 daAuts
    D:11: 2110 daAuts
     D:1: 1787 daAuts
     D:9: 1714 daAuts
     D:7: 1431 daAuts
     D:8: 1358 daAuts
     D:5: 1313 daAuts
     D:2: 1085 daAuts
    D:12: 867 daAuts
     D:3: 640 daAuts
  Lair:1: 1 daAuts
